 Dungeon Crawl Stone Soup version 0.27-a0-1191-g601b473118 (webtiles) character file.

Game seed: 16228966637573140614

443 Lanoc the Shooter (level 7, -2/63 HPs)
             Began as a Naga Hunter on May 24, 2021.
             Was a Priest of Cheibriados.
             Slain by a water moccasin (4 damage)
             ... on level 4 of the Dungeon.
             The game lasted 00:09:05 (4290 turns).

Lanoc the Shooter (Naga Hunter)                     Turns: 4290, Time: 00:09:06

Health: -2/63      AC:  4    Str: 20    XL:     7   Next: 2%
Magic:  7/7        EV: 11    Int: 17    God:    Cheibriados [***...]
Gold:   170        SH:  5    Dex: 20    Spells: 6/6 levels left

rFire    . . .     SeeInvis +   (no weapon)
rCold    . . .     Faith    .   (no shield)
rNeg     . . .     Spirit   .   c - +1 leather armour
rPois    +         Reflect  +   (no helmet)
rElec    .         Harm     .   (no cloak)
rCorr    .         Rampage  .   (no gloves)
Will     .....                  (no barding)
Stlth    ++........             j - amulet of reflection
HPRegen  0.20/turn              (no ring)
MPRegen  0.10/turn              (no ring)

@: weak-willed, very slow
A: AC +2, large, see invisible, deformed body, poison resistance, slowness 2,
spit poison 1, naga tail 1
a: Spit Poison, Renounce Religion, Bend Time, Temporal Distortion


You were on level 4 of the Dungeon.
You worshipped Cheibriados.
Cheibriados was most pleased with you.
You visited 1 branch of the dungeon, and saw 5 of its levels.

You collected 170 gold pieces.

Inventory:

Hand Weapons
 a - a +2 shortbow of flaming
Armour
 c - a +1 leather armour (worn)
Jewellery
 j - an amulet of reflection (around neck)
Scrolls
 f - 2 scrolls of identify
 p - a scroll of fog {unknown}
 s - a scroll of amnesia {unknown}
 t - a scroll of noise {unknown}
Potions
 b - a potion of flight
 e - a potion of magic
 g - a potion of brilliance {unknown}
 h - a potion of heal wounds
 q - a potion of mutation {unknown}
 u - a potion of berserk rage {unknown}


   Skills:
 + Level 3.9 Fighting
 * Level 5.8 Bows
 + Level 3.2 Dodging
 - Level 1.5 Stealth


You had 6 spell levels left.
You didn't know any spells.
Your spell library contained the following spells:

 Spells                   Type           Power      Damage    Failure   Level
 Summon Small Mammal      Summ           0%         N/A       28%         1
 Call Imp                 Summ           0%         N/A       38%         2
 Call Canine Familiar     Summ           0%         N/A       63%         3
 Summon Guardian Golem    Hex/Summ       0%         N/A       63%         3
 Summon Ice Beast         Ice/Summ       0%         N/A       95%         4
 Summon Lightning Spire   Summ/Air       0%         N/A       95%         4


Dungeon Overview and Level Annotations

Branches:
Dungeon (5/15)             Temple (0/1) D:4

Altars:
Cheibriados


Innate Abilities, Weirdness & Mutations

Your serpentine skin is tough. (AC +2)
You have supernaturally acute eyesight. (SInv)
Armour fits poorly on your strangely shaped body.
Your system is resistant to poisons. (rPois)
You cover ground very slowly.
You can spit poison.
You have a snake-like lower body.


Message History

You block the orc priest's attack.
The orc priest begins to cast a cantrip, but forgets the words!
The orc priest barely misses you.
The orc wizard shouts!
The water moccasin bites you.
* * * LOW HITPOINT WARNING * * *
The orc priest closely misses you. The water moccasin barely misses you.
The orc priest misses you. The water moccasin barely misses you.
Found 11 stones.
Found an escape hatch in the floor.
There is an escape hatch in the ceiling here.
The orc wizard gestures at itself while chanting.
The orc wizard flickers and vanishes for a moment.
The water moccasin bites you but does no damage.
You block the orc priest's attack. A mysterious force pulls you upwards.
The hatch slams shut behind you.
As you read the scroll labelled MIL DAT WAPP, it crumbles to dust.
It is a scroll of enchant weapon.
Your +1 shortbow glows red for a moment.
The water moccasin bites you.
* * * LOW HITPOINT WARNING * * *
You block the orc priest's attack.
As you read the scroll labelled GEYDI FUONEUN, it crumbles to dust.
You assume a fearsome visage.
The water moccasin looks frightened!
The orc priest looks frightened!
It was a scroll of fear.
As you read the scroll labelled NOWUISM WIMOK, it crumbles to dust.
Your attack snaps the orc priest out of its fear.
Your attack snaps the water moccasin out of its fear.
Magic quickly surges around you.
It was a scroll of vulnerability.
The orc priest calls down the wrath of Beogh upon you.
Pain shoots through your body!
* * * LOW HITPOINT WARNING * * *
As you read the scroll labelled DUTESTRIUNU, it crumbles to dust.
It is a scroll of brand weapon.
Your +2 shortbow is engulfed in flames!
a - a +2 shortbow of flaming
As you read the scroll labelled GEUFFU GAEF, it crumbles to dust.
It is a scroll of enchant armour.
Your +0 leather armour glows green for a moment.
The water moccasin bites you.
You die...

..#.#############.#
##..# #.#
....######## ##.#
"###)...<..# #..#
..#.)......# #.##
..)#.......# #.#
...........# #.#
..##.......#####.####
#.##...)...##..S@o..#
..##.......##.##.##.#
#############.##..#.#
##### #.###.#.# [...#
#.......#
.##.#############.###
..................#
.##.###############
.##.#


You could see a water moccasin (weak-willed) and an orc priest (weak-willed).

Vanquished Creatures
  A black bear (D:4)
  An ogre (D:3)
  A centaur (D:5)
  A centaur skeleton (D:5)
  An orc wizard (D:3)
  3 adders
  A white imp (D:5)
  An ufetubus (D:4)
  2 worms
  2 dart slugs
  16 orcs
  4 endoplasms
  2 giant cockroaches (D:3)
  7 goblins
  5 hobgoblins
  3 jackals (D:1)
  10 kobolds
  9 quokkas
  4 ball pythons
  3 bats
  2 frilled lizards
  3 rats
82 creatures vanquished.

Notes
Turn   | Place    | Note
-------+----------+-------------------------------------------
     0 | D:1      | Lanoc the Naga Hunter began the quest for the Orb.
     0 | D:1      | Reached XP level 1. HP: 19/19 MP: 1/1
    55 | D:1      | Reached XP level 2. HP: 26/26 MP: 2/2
   188 | D:1      | Reached skill level 4 in Bows
   546 | D:1      | Reached XP level 3. HP: 33/33 MP: 3/3
   572 | D:1      | Found a faded altar of an unknown god.
   638 | D:1      | Became a worshipper of Cheibriados the Contemplative
   638 | D:1      | Reached * piety under Cheibriados
  1928 | D:3      | Noticed an ogre
  1941 | D:3      | Killed an ogre
  1942 | D:3      | Reached XP level 4. HP: 17/42 MP: 4/4
  1942 | D:3      | Reached XP level 5. HP: 20/49 MP: 5/5
  2409 | D:3      | Reached ** piety under Cheibriados
  2799 | D:3      | Reached skill level 5 in Bows
  3410 | D:4      | Noticed a black bear
  3414 | D:4      | Reached XP level 6. HP: 56/56 MP: 6/6
  3425 | D:4      | Killed a black bear
  3669 | D:4      | Found a staircase to the Ecumenical Temple.
  3895 | D:5      | Entered Level 5 of the Dungeon
  4207 | D:5      | Reached *** piety under Cheibriados
  4235 | D:5      | Noticed a water moccasin
  4236 | D:5      | Reached XP level 7. HP: 54/63 MP: 7/7
  4288 | D:4      | HP: 2/63 [orc priest/nerve-wracking pain (11)]
  4290 | D:4      | Slain by a water moccasin

Illustrated notes

Levels and vault maps discovered:
D:1:      lemuel_arrival_muddy, layout_rooms, chequers_ecumenical_altar_island
D:2:      layout_basic
D:3:      layout_loops_cross
D:4:      layout_loops_cross, minmay_temple_entry_glassed_door
D:5:      layout_basic

Skill      XL: |  1  2  3  4  5  6 |
---------------+-------------------+-----
Bows           | 4 5 |  5.8
Dodging        | 2 3 |  3.2
Fighting       | 3 |  3.9
Stealth        | |  1.5

Action                   |  1- 3 |  4- 6 |  7- 9 || total
-------------------------+-------+-------+-------++-------
Melee: Unarmed           |       |     4 |     8 ||    12
 Fire: Shortbow          |    73 |   120 |     6 ||   199
 Abil: Spit Poison       |    21 |    23 |     3 ||    47
  Use: Scroll            |       |       |     9 ||     9
       Potion            |       |       |     3 ||     3
Armor: Leather armour    |     7 |    18 |     5 ||    30
Dodge: Dodged            |    17 |    31 |    14 ||    62
Block: Other             |     2 |    16 |     7 ||    25
       Reflection        |       |     2 |       ||     2

Table legend: (Time is in decaauts)
 A = Elapsed time spent in this place.
 B = Non-inter-level travel time spent in this place.
 C = Inter-level travel time spent in this place.
 D = Time resting spent in this place.
 E = Time spent auto-exploring this place.
 F = Levels seen in this place.
 G = Mean time per level.
                   A        B        C        D        E       F      G
               +--------+--------+--------+--------+--------+-----+--------+
         Total |   6956 |   6775 |    181 |      0 |   6170 |   5 | 1391.2 |
       Dungeon |   6956 |   6775 |    181 |      0 |   6170 |   5 | 1391.2 |
               +--------+--------+--------+--------+--------+-----+--------+

Top non-repeatable levels by time:
     D:3: 1862 daAuts
     D:2: 1721 daAuts
     D:4: 1557 daAuts
     D:1: 1175 daAuts
     D:5: 640 daAuts
